 Dungeon Crawl Stone Soup version 0.20-a0-2-g2b0e13a (console) character file.

933 brucemayne the Basher (level 8, -8/78 HPs)
             Began as an Ogre Berserker on Oct 28, 2016.
             Was a Believer of Trog.
             Mangled by confidenceinterval's ghost (23 damage)
             ... on level 6 of the Dungeon.
             The game lasted 00:07:47 (1320 turns).

brucemayne the Basher (Ogre Berserker)              Turns: 1320, Time: 00:07:48

Health: -8/78      AC:  3    Str: 23    XL:     8   Next: 11%
Magic:  8/8        EV: 10    Int:  6    God:    Trog [**....]
Gold:   55         SH:  0    Dex:  9    Spells: 0 memorised, 7 levels left

rFire  . . .     SeeInvis .     c - +1 giant club
rCold  . . .     Gourm    .     b - +0 animal skin
rNeg   . . .     Faith    .     (shield currently unavailable)
rPois  .         Spirit   .     (helmet restricted)
rElec  .         Reflect  .     (no cloak)
rCorr  .         Harm     .     (gloves unavailable)
MR     .....                    (boots unavailable)
Stlth  +.........               (no amulet)
                                (no ring)
                                k - -2 ring of dexterity (curse)

@: no status effects
A: unfitting armour, tough skin 1
a: Berserk, Trog's Hand, Burn Spellbooks, Renounce Religion


You were on level 6 of the Dungeon.
You worshipped Trog.
Trog was pleased with you.
You were not hungry.

You visited 2 branches of the dungeon, and saw 7 of its levels.

You collected 55 gold pieces.

Inventory:

Hand Weapons
 a - a +0 mace
 c - a +1 giant club (weapon)
 n - a +0 dagger of draining
 s - a +0 flail
Missiles
 p - 8 poisoned javelins (quivered)
 q - 8 javelins
Armour
 b - a +0 animal skin (worn)
Jewellery
 j - the ring "Sabrousa" {Fire rN++ Str-2}
   (You found it on level 5 of the Dungeon)

   [ring of fire]

   It enhances your fire magic.
   It affects your strength (-2).
   It protects you from fire.
   It makes you vulnerable to cold.
   It greatly protects you from negative energy.
 k - a cursed -2 ring of dexterity (left hand)
Scrolls
 h - a scroll of enchant weapon
 i - a scroll of remove curse {unknown}
 l - a scroll of fog {unknown}
 u - a scroll of random uselessness {unknown}
Potions
 d - 2 potions of degeneration {unknown}
 e - a potion of ambrosia {unknown}
 f - a potion of curing {unknown}
 g - a potion of flight {unknown}
 m - a potion of berserk rage {unknown}
 o - a potion of cancellation {unknown}
 r - 2 potions of resistance {unknown}
 v - a potion of brilliance {unknown}
Comestibles
 t - 3 chunks of flesh


   Skills:
 - Level 4.0 Fighting
 + Level 12.1 Maces & Flails
 - Level 2.6 Dodging


You had 7 spell levels left.
You didn't know any spells.

Dungeon Overview and Level Annotations

Branches:
Dungeon (6/15)             Temple (1/1) D:5

Altars:
Ashenzari
Elyvilon
Fedhas
Gozag
Hepliaklqana
Kikubaaqudgha
Makhleb
Nemelex Xobeh
Qazlal
Ru
Trog
Uskayaw
Xom
The Shining One
Lugonu

Shops:
D:2 *   D:5 *

Annotations:
D:2 Sigmund
D:3 Natasha
D:6 confidenceinterval's ghost, novice DsBe


Innate Abilities, Weirdness & Mutations

You are too large for most types of armour.
You have tough skin. (AC +1)


Message History

u - a scroll labeled MIDGHOI JANOWUEGI You found a teleport trap!
There is a stone staircase leading down here.
You climb downwards.
There is a stone staircase leading up here.
Found 5 arrows.
You are feeling hungry.
v - a cyan potion Eating one of 4 chunks of flesh.
You start eating one of the 4 chunks of flesh.
This raw flesh tastes terrible.
There is a stone staircase leading down here.
You climb downwards.
Level annotation: confidenceinterval's ghost, novice DsBe The adder closely misses you.
Confidenceinterval's ghost hits you!!
* * * LOW HITPOINT WARNING * * *
There is a stone staircase leading up, spattered with blood here.
Unknown command.
Confidenceinterval's ghost hits you!!
You die...

#.......# ##.##
###.##### .# ####
#..# .# ...# ##.# +#
##.# #####.#####
#.### #.........#
#...# #.#.#.###.#
#.#.#####.#...S##.#
##.............o@>.+
...#.#####...o.W##.#
... ...#.#
#..o#.###.# ..#
#.##.# #...#####.#
..# #..[.#
#.........# ..#
######
#..o###########'###
##.....oo.o.#.....#
####..#######.#.....#
#.......#.....(o....#


You could see confidenceinterval's ghost, an adder and 3 orcs.

Vanquished Creatures
  Eustachio (D:5)
  An ice beast (Temple)
  An ogre (D:5)
  A phantom (D:5)
  A centaur (D:5)
  A howler monkey (D:5)
  A crimson imp (D:5)
  A centaur zombie (D:5)
  A bullfrog zombie (D:5)
  An orc priest (D:4)
  5 worker ants
  3 orc wizards
  A hound skeleton (D:5)
  3 adders (D:2)
  An adder skeleton (D:5)
  2 leopard geckos
  8 orcs
  A giant cockroach (D:3)
  3 goblins
  A hobgoblin (D:1)
  5 jackals
  3 quokkas
  3 ball pythons
  A giant cockroach zombie (D:6)
  2 kobolds (D:1)
  A quokka skeleton (D:4)
  3 rats
56 creatures vanquished.

Notes
Turn   | Place    | Note
-------+----------+-------------------------------------------
     0 | D:1      | brucemayne the Ogre Berserker began the quest for the Orb.
     0 | D:1      | Reached XP level 1. HP: 24/24 MP: 1/1
   115 | D:1      | Reached XP level 2. HP: 12/32 MP: 2/2
   165 | D:2      | Reached skill level 5 in Maces & Flails
   243 | D:2      | Reached XP level 3. HP: 22/39 MP: 3/3
   284 | D:2      | Noticed Sigmund
   386 | D:2      | Found a hazy altar of Hepliaklqana.
   387 | D:2      | Found a shimmering altar of Xom.
   399 | D:2      | Found an opulent altar of Gozag.
   400 | D:2      | Found Gozag's Platinum Reserve.
   439 | D:3      | Reached skill level 6 in Maces & Flails
   455 | D:3      | Reached ** piety under Trog
   516 | D:4      | Found a stormy altar of Qazlal.
   524 | D:4      | Found a blossoming altar of Fedhas.
   527 | D:4      | Found a sacrificial altar of Ru.
   551 | D:4      | Reached XP level 4. HP: 15/48 MP: 4/4
   599 | D:5      | Entered Level 5 of the Dungeon
   599 | D:5      | Found a staircase to the Ecumenical Temple.
   599 | D:5      | Noticed an ogre
   610 | D:5      | Killed an ogre
   610 | D:5      | Reached skill level 7 in Maces & Flails
   610 | D:5      | Reached XP level 5. HP: 43/54 MP: 5/5
   611 | D:5      | Reached skill level 8 in Maces & Flails
   615 | D:5      | Noticed an ice beast
   665 | D:5      | Reached XP level 6. HP: 44/62 MP: 6/6
   756 | D:6      | Noticed confidenceinterval's ghost (novice DsBe)
   780 | D:5      | Got a bound golden ring
   781 | D:5      | Identified the ring "Sabrousa" {Fire rN++ Str-2} (You found it on level 5 of the Dungeon)
   792 | Temple   | Entered the Ecumenical Temple
   801 | Temple   | Killed an ice beast
   801 | Temple   | Reached skill level 9 in Maces & Flails
   836 | D:5      | Noticed a phantom
   963 | D:3      | Noticed Natasha
   964 | D:3      | Found a shattered altar of Ashenzari.
  1022 | D:4      | Reached skill level 10 in Maces & Flails
  1022 | D:4      | Reached XP level 7. HP: 43/70 MP: 7/7
  1073 | D:5      | Found Ofautedi's General Store.
  1089 | D:5      | Found a hide-covered altar of Uskayaw.
  1098 | D:5      | Noticed Eustachio
  1131 | D:5      | Killed Eustachio
  1131 | D:5      | Reached skill level 11 in Maces & Flails
  1151 | D:5      | Found a white marble altar of Elyvilon.
  1204 | D:5      | Reached skill level 12 in Maces & Flails
  1204 | D:5      | Reached XP level 8. HP: 11/78 MP: 8/8
  1320 | D:6      | Mangled by confidenceinterval's ghost

Vault maps used:
D:1:      dpeg_arrival_solitude
D:2:      regret_index_temple_of_mockery, marbit_many_paths, serial_forest,
          infiniplex_forest_clump_medium, infiniplex_forest_clump_diagonal,
          infiniplex_forest_clump_large, infiniplex_forest_lined_3,
          infiniplex_forest_clump_long, infiniplex_forest_clump_double,
          nicolae_gozag_zags_fifth_avenue, uniq_sigmund
D:3:      overflow_temple_1_default, hex_large, uniq_robin,
          uniq_crazy_yiuf_cottage, uniq_natasha, uniq_terence, uniq_iyjb
D:4:      overflow_temple_1_default, grunt_temple_overflow_open, first_bread
D:5:      elyvilon_altar_5, kennysheep_little_box, serial_shops, shop,
          hangedman_decor_opposing, uniq_eustachio
D:6:      vehumet_altar_wand_db
Temple:   corrupted_temple

Skill      XL: |  1  2  3  4  5  6  7 |
---------------+----------------------+-----
Maces & Flails | 5 6 7 8 10 12 | 12.1
Fighting       | |  4.0
Dodging        | |  2.6

Action                   |  1- 3 |  4- 6 |  7- 9 || total
-------------------------+-------+-------+-------++-------
Melee: Mace              |    85 |    41 |       ||   126
       Giant club        |       |     4 |    70 ||    74
Invok: Berserk           |     4 |     4 |       ||     8
       Trog's Hand       |     1 |     6 |     4 ||    11
  Use: Scroll            |       |       |     1 ||     1
 Stab: Sleeping          |     1 |       |       ||     1
  Eat: Chunk             |     2 |     4 |     3 ||     9
       Bread ration      |       |     1 |       ||     1
Armor: Animal skin       |    19 |     9 |    12 ||    40
Dodge: Dodged            |    45 |    22 |    40 ||   107
